General information
- name: 4V4 FUN!!!
- type: Custom game
- host: Jacen
- saver: ROTS19
map: PlainsOfSnow
- players: 8
- length: 31:36
- speed: Fast
- version: 1.26 W3XP
- replay type: Public
» download(235 KB)
Players
team 1 (loser)

»
Jacen (
brown | 1190 APM | 2999 actions | 02:31)
1 Priestess of the Moon
1 Searing Arrows
1 Demon Hunter
1 Mana Burn
1 Keeper of the Grove
1 Entangling Roots
» actions
| Assign group hotkey | 40 | |
| Basic commands | 114 | |
| Build / train | 107 | |
| ESC pressed | 6 | |
| Enter build submenu | 26 | |
| Enter hero's abilities submenu | 14 | |
| Right click | 1273 | |
| Select / deselect | 535 | |
| Select group hotkey | 740 | |
| Use ability | 144 | |
2999 total
» units
| Wisp | 18 | |
| Archer | 5 | |
| Hippogryph | 24 | |
| Mountain Giant | 8 | |
| Faerie Dragon | 2 | |
| Dryad | 6 | |
63 total
» upgrades
| Ultravision | 2 | |
| Reinforced Hides | 4 | |
| Abolish Magic | 1 | |
| Well Spring | 1 | |
| Hardened Skin | 1 | |
| Resistant Skin | 1 | |
| Strength of the Wild | 2 | |
12 total
» buildings
| Altar of Elders | 1 | |
| Moon Well | 8 | |
| Ancient of War | 1 | |
| Hunter's Hall | 2 | |
| Ancient Protector | 2 | |
| Tree of Ages | 1 | |
| Ancient of Wind | 2 | |
| Ancient of Wonders | 2 | |
| Ancient of Lore | 3 | |
| Tree of Eternity | 2 | |
24 total
» build order
00:29 Altar of Elders
00:41 Moon Well
01:04 Ancient of War
01:47 Hunter's Hall
02:10 Moon Well
02:31 Ancient of Lore
» items
| Scroll of Town Portal | 4 | |
| Moonstone | 3 | |
| Lesser Clarity Potion | 1 | |
| Potion of Healing | 1 | |
| Dust of Appearance | 1 | |
10 total
LordofLies (
pink | 31 APM | 77 actions | 02:31)
» actions
| Build / train | 13 | |
| Enter build submenu | 4 | |
| Remove unit from queue | 1 | |
| Right click | 20 | |
| Select / deselect | 33 | |
| Use ability | 6 | |
77 total
» units
» buildings
| Altar of Elders | 1 | |
| Moon Well | 2 | |
| Ancient of War | 1 | |
4 total
» build order
00:06 Altar of Elders
00:26 Moon Well
00:39 Ancient of War
02:08 Moon Well
alex121299 (
red | 136 APM | 344 actions | 02:31)
1 Priestess of the Moon
1 Searing Arrows
1 Warden
1 Shadow Strike
» actions
| Basic commands | 25 | |
| Build / train | 46 | |
| Enter build submenu | 17 | |
| Enter hero's abilities submenu | 3 | |
| Right click | 3 | |
| Select / deselect | 212 | |
| Use ability | 38 | |
344 total
» units
| Wisp | 5 | |
| Huntress | 4 | |
| Archer | 13 | |
| Hippogryph | 3 | |
| Druid of the Talon | 1 | |
| Glaive Thrower | 2 | |
| Faerie Dragon | 5 | |
| Druid of the Claw | 3 | |
| Mountain Giant | 1 | |
37 total
» upgrades
| Hippogryph Taming | 1 | |
| Druid of the Talon Training | 1 | |
| Vorpal Blades | 1 | |
3 total
» buildings
| Ancient of War | 2 | |
| Hunter's Hall | 1 | |
| Moon Well | 2 | |
| Altar of Elders | 1 | |
| Tree of Ages | 1 | |
| Ancient of Wind | 1 | |
| Ancient of Wonders | 1 | |
| Ancient of Lore | 1 | |
| Farm | 1 | |
11 total
» build order
00:41 Ancient of War
01:53 Hunter's Hall
02:07 Moon Well
02:31 Farm

»
ZZZZ (
blue | 1189 APM | 2998 actions | 02:31)
1 Archmage
1 Blizzard
1 Blood Mage
1 Flame Strike
» actions
| Assign group hotkey | 321 | |
| Basic commands | 259 | |
| Build / train | 90 | |
| ESC pressed | 9 | |
| Enter build submenu | 21 | |
| Enter hero's abilities submenu | 11 | |
| Right click | 1060 | |
| Select / deselect | 521 | |
| Select group hotkey | 585 | |
| Use ability | 120 | |
2998 total
» units
| Peasant | 9 | |
| Footman | 8 | |
| Flying Machine | 4 | |
| Sorceress | 16 | |
| Mortar Team | 8 | |
| Siege Engine | 4 | |
49 total
» upgrades
| Sorceress Training | 2 | |
| Lumber Harvesting | 2 | |
| Flak Cannons | 1 | |
| Fragmentation Shards | 1 | |
| Flare | 1 | |
| Flying Machine Bombs | 1 | |
| Barrage | 1 | |
| Gunpowder | 1 | |
| Armor | 1 | |
11 total
» buildings
| Farm | 9 | |
| Altar of Kings | 1 | |
| Barracks | 1 | |
| Keep | 2 | |
| Lumber Mill | 1 | |
| Tree of Ages | 1 | |
| Arcane Vault | 1 | |
| Blacksmith | 1 | |
| Castle | 1 | |
| Arcane Sanctum | 1 | |
| Workshop | 3 | |
| Town Hall | 1 | |
23 total
» build order
00:07 Farm
00:12 Altar of Kings
00:24 Farm
00:27 Barracks
01:39 Farm
02:19 Farm
02:31 Town Hall
» items
| Potion of Healing | 4 | |
| Scroll of Town Portal | 4 | |
| Scroll of Regeneration | 2 | |
| Potion of Mana | 1 | |
11 total
team 2 (winner)
NecroticSoldier (
teal | 860 APM | 2169 actions | 02:31)
1 Priestess of the Moon
1 Scout
1 Keeper of the Grove
1 Thorns Aura
» actions
| Assign group hotkey | 3 | |
| Basic commands | 13 | |
| Build / train | 122 | |
| Enter build submenu | 25 | |
| Enter hero's abilities submenu | 7 | |
| Right click | 1619 | |
| Select / deselect | 346 | |
| Use ability | 34 | |
2169 total
» units
| Wisp | 14 | |
| Archer | 52 | |
| Huntress | 25 | |
| Hippogryph | 11 | |
102 total
» upgrades
| Strength of the Moon | 2 | |
| Moon Armor | 2 | |
| Improved Bows | 1 | |
| Sentinel | 1 | |
| Hippogryph Taming | 1 | |
| Marksmanship | 1 | |
| Upgrade Moon Glaive | 1 | |
9 total
» buildings
| Moon Well | 12 | |
| Altar of Elders | 1 | |
| Ancient of War | 2 | |
| Hunter's Hall | 1 | |
| Tree of Ages | 1 | |
| Ancient Protector | 1 | |
| Ancient of Wind | 1 | |
| Tree of Eternity | 1 | |
20 total
» build order
00:22 Moon Well
01:13 Altar of Elders
01:15 Moon Well
01:37 Ancient of War
02:18 Moon Well
02:31 Moon Well
ROTS19 (
purple | 911 APM | 2297 actions | 02:31)
1 Priestess of the Moon
1 Trueshot Aura
1 Warden
1 Shadow Strike
» actions
| Assign group hotkey | 80 | |
| Basic commands | 134 | |
| Build / train | 86 | |
| ESC pressed | 1 | |
| Enter build submenu | 14 | |
| Enter hero's abilities submenu | 12 | |
| Give item / drop item | 8 | |
| Right click | 865 | |
| Select / deselect | 589 | |
| Select group hotkey | 395 | |
| Use ability | 108 | |
2297 total
» units
| Wisp | 13 | |
| Archer | 8 | |
| Druid of the Talon | 26 | |
47 total
» upgrades
| Ultravision | 1 | |
| Strength of the Wild | 3 | |
| Nature's Blessing | 1 | |
| Druid of the Talon Training | 2 | |
| Reinforced Hides | 2 | |
| Well Spring | 1 | |
| Mark of the Talon | 1 | |
11 total
» buildings
| Altar of Elders | 1 | |
| Moon Well | 4 | |
| Ancient of War | 1 | |
| Ancient of Wonders | 1 | |
| Hunter's Hall | 1 | |
| Tree of Ages | 1 | |
| Ancient of Wind | 2 | |
| Tree of Eternity | 1 | |
12 total
» build order
00:12 Altar of Elders
00:18 Moon Well
00:24 Ancient of War
02:13 Moon Well
02:28 Ancient of Wonders
02:31 Tree of Eternity
» items
| Dust of Appearance | 1 | |
| Potion of Healing | 4 | |
| Staff of Preservation | 2 | |
| Scroll of Town Portal | 1 | |
| Orb of Venom | 1 | |
| Anti-magic Potion | 2 | |
11 total
LordRich (
yellow | 628 APM | 1583 actions | 02:31)
1 Blood Mage
1 Banish
1 Paladin
1 Holy Light
1 Mountain King
1 Storm Bolt
» actions
| Basic commands | 74 | |
| Build / train | 129 | |
| Enter build submenu | 27 | |
| Enter hero's abilities submenu | 12 | |
| Give item / drop item | 1 | |
| Right click | 587 | |
| Select / deselect | 589 | |
| Use ability | 163 | |
1583 total
» units
| Peasant | 10 | |
| Footman | 11 | |
| Rifleman | 9 | |
| Dragonhawk Rider | 12 | |
| Sorceress | 17 | |
| Knight | 12 | |
| Gryphon Rider | 1 | |
72 total
» upgrades
| Defend | 1 | |
| Swords | 2 | |
| Gunpowder | 1 | |
| Long Rifles | 1 | |
| Flare | 1 | |
| Magic Sentry | 1 | |
| Plating | 2 | |
| Armor | 1 | |
| Animal War Training | 1 | |
11 total
» buildings
| Farm | 12 | |
| Altar of Kings | 1 | |
| Barracks | 2 | |
| Lumber Mill | 1 | |
| Blacksmith | 1 | |
| Keep | 2 | |
| Arcane Vault | 1 | |
| Gryphon Aviary | 2 | |
| Arcane Sanctum | 1 | |
| Workshop | 1 | |
| Scout Tower | 3 | |
| Guard Tower | 2 | |
| Castle | 3 | |
32 total
» build order
00:21 Farm
00:33 Altar of Kings
00:49 Barracks
00:57 Farm
01:13 Lumber Mill
01:58 Farm
02:31 Farm
» items
JesusInMyHeart (
orange | 1027 APM | 2589 actions | 02:31)
2 Blademaster
1 Wind Walk
1 Critical Strike
1 Shadow Hunter
1 Healing Wave
» actions
| Assign group hotkey | 36 | |
| Basic commands | 136 | |
| Build / train | 98 | |
| ESC pressed | 10 | |
| Enter build submenu | 22 | |
| Enter hero's abilities submenu | 12 | |
| Give item / drop item | 2 | |
| Right click | 1201 | |
| Select / deselect | 459 | |
| Select group hotkey | 468 | |
| Use ability | 145 | |
2589 total
» units
| Peon | 26 | |
| Wind Rider | 16 | |
| Demolisher | 1 | |
| Shaman | 7 | |
| Troll Witch Doctor | 5 | |
| Raider | 1 | |
56 total
» upgrades
| Envenomed Spears | 1 | |
| Shaman Training | 2 | |
| Witch Doctor Training | 2 | |
| Ranged Weapons | 3 | |
| Armor | 3 | |
11 total
» buildings
| Altar of Storms | 1 | |
| Orc Burrow | 8 | |
| Voodoo Lounge | 2 | |
| Stronghold | 2 | |
| Beastiary | 4 | |
| Fortress | 1 | |
| Barracks | 1 | |
| War Mill | 1 | |
| Spirit Lodge | 2 | |
22 total
» build order
00:03 Altar of Storms
00:13 Orc Burrow
00:49 Voodoo Lounge
02:18 Stronghold
02:18 Stronghold
02:31 Beastiary
» items
| Healing Salve | 2 | |
| Lesser Clarity Potion | 1 | |
| Orb of Lightning | 1 | |
| Tiny Great Hall | 3 | |
7 total
Chat log
(00:07 / Allies) ROTS19: i knew your name was familiar :P
(00:23 / Allies) JesusInMyHeart: i built w3gd
(00:44 / Allies) ROTS19: do you ever still go there?
(00:47 / Allies) JesusInMyHeart: no
(00:55 / Allies) ROTS19: lots of people there apparently got lives or something in the past couple years
(00:58 / Allies) JesusInMyHeart: i used to have the account spens
(01:03 / Allies) ROTS19: ah
(01:24 / Allies) JesusInMyHeart: 5-6 people pretended to be me
(01:37 / Allies) ROTS19: yeah i remember that lol
(01:51 / Allies) JesusInMyHeart: i invented trolling and they all took it and ran
(01:53 / Allies) JesusInMyHeart: ruined that forum
(02:31 / Allies) NecroticSoldier: haha